 Dungeon Crawl Stone Soup version 0.29.1-12-g30fa7ad0bf (webtiles) character file.

Game seed: 16226575493145646847

63 raph the Caller (level 3, -2/19 HPs)
             Began as a Deep Elf Summoner on Dec 22, 2022.
             Slain by a quokka (3 damage)
             ... on level 2 of the Dungeon.
             The game lasted 00:02:38 (2216 turns).

raph the Caller (Deep Elf Summoner)                 Turns: 2216, Time: 00:02:38

Health: -2/19      AC:  2    Str:  5    XL:     3   Next: 89%
Magic:  7/9        EV: 12    Int: 21    God:
Gold:   66         SH:  0    Dex: 15    Spells: 2/8 levels left

rFire   . . .      SeeInvis .   a - +4 short sword (venom)
rCold   . . .      Faith    .   (no shield)
rNeg    . . .      Spirit   .   d - +0 robe
rPois   .          Reflect  .   (no helmet)
rElec   .          Harm     .   (no cloak)
rCorr   .          Rampage  .   (no gloves)
Will    .....                   (no boots)
Stlth   ++........              (no amulet)
HPRegen 0.06/turn               (no ring)
MPRegen 0.11/turn               (no ring)

@: no status effects
A: no striking features
a: no special abilities


You were on level 2 of the Dungeon.
You visited 1 branch of the dungeon, and saw 2 of its levels.

You collected 66 gold pieces.

Inventory:

Hand Weapons
 a - a +4 short sword of venom (weapon)
 h - a +0 dagger
Armour
 d - a +0 robe (worn)
Jewellery
 c - an amulet of guardian spirit
 m - an amulet of reflection
Scrolls
 j - 4 scrolls of identify
 l - a scroll of silence {unknown}
Potions
 b - a potion of magic
 e - 3 potions of brilliance
 f - a potion of attraction {unknown}
 g - 2 potions of flight {unknown}
 i - a potion of heal wounds {unknown}
 k - a potion of resistance {unknown}


   Skills:
 - Level 2.4 Dodging
 - Level 2.4 Stealth
 - Level 3.0 Spellcasting
 + Level 6.1 Summonings


You had 2 spell levels left.
You knew the following spells:

 Your Spells              Type           Power      Damage    Failure   Level
a - Summon Small Mammal   Summ           100%       N/A       1%          1
b - Call Imp              Summ           28%        N/A       1%          2
c - Call Canine Familiar  Summ           28%        N/A       3%          3

Your spell library contained the following spells:

 Spells                   Type           Power      Damage    Failure   Level
 Summon Guardian Golem    Hex/Summ       16%        N/A       12%         3
 Summon Lightning Spire   Summ/Air       16%        N/A       36%         4


Dungeon Overview and Level Annotations

Branches:
Dungeon (2/15)

Altars:


Message History

Your crimson imp blinks!
Your bat misses the orc wizard.
The orc wizard hits your bat with a +0 dagger.
Your bat barely misses the orc wizard.
Your bat hits the orc wizard.
Your crimson imp barely misses the frilled lizard.
Your bat barely misses the orc wizard.
The frilled lizard bites something.
Casting: Summon Small Mammal (safe; 1% risk of failure)
Confirm with . or Enter, or press ? or * to list all spells.
Your bat completely misses the orc wizard.
The frilled lizard closely misses your crimson imp.
The orc wizard casts a spell.
The orc wizard flickers and vanishes!
Deactivating autopickup; reactivate with Ctrl-A.
You hit something.
Your bat disappears in a puff of smoke!
Your crimson imp blinks!
Something hits you.
You swap places.
Your hound bites something.
You hear some strange, mumbled words.
Your hound appears confused.
Your hound bites something.
Reactivating autopickup.
You feel a bit more experienced.
Your Summonings skill increases to level 6!
You miss the quokka.
Your hound barely misses the quokka.
The quokka barely misses you.
You closely miss the quokka. The quokka misses you.
Your hound misses you.
The frilled lizard closely misses your hound.
The quokka closely misses you.
You barely miss the quokka.
The frilled lizard bites your hound but does no damage.
The quokka bites you.
* * * LOW HITPOINT WARNING * * *
Your hound bites you.
* * * LOW HITPOINT WARNING * * *
The quokka attacks as you move away! The quokka misses you.
The quokka closely misses you.
Okay, then.
The quokka attacks as you move away! The quokka bites you.
You die...

.......+,,,..,,,,,,,,,>*******
.......**,*#.******,..,,,,,,,*
.......**,*#.* **#.#,,*****,*
.......**,*#.####...#.,*,***,*
#######**,*#...)).....,,,,,,,*
*****####,###.l######,,**********
,,,,,.....#.........#,,,,,,,,,,,*
,,,,,,,#.....######.#,*********,*
,,,,,,,+.....l.r@.#h#,,,,,,,,,,,*
,,,,,,,#.##.#####.#.#,,*****,,,,*
,,,,,,...*#.* #.#.#,,*,* *,*,**
*****##.#*#.* #.#.#,,*,* *,*,*
*.# #.#####.#.#,,,,* *,*,* ###
##.# #.......#.##.#.##*,*,*
..####..#####..............,,*,*
..#....###.....############***,*
..+............+,,,,,,,,,,,,,,,*


You could see a quokka and a frilled lizard.

Vanquished Creatures
  An adder (D:2)
  2 hobgoblins
  A quokka (D:1)
  2 goblins
  A kobold (D:2)
  3 rats
10 creatures vanquished.

Vanquished Creatures (collateral kills)
  An orc wizard (D:2)
  2 worms (D:2)
  2 orcs (D:2)
  A ball python (D:2)
  2 endoplasms
  A giant cockroach (D:1)
  A hobgoblin (D:2)
  A quokka (D:1)
  A bat (D:2)
  2 frilled lizards (D:1)
14 creatures vanquished.

Grand Total: 24 creatures vanquished

Notes
Turn   | Place    | Note
-------+----------+-------------------------------------------
     0 | D:1      | raph the Deep Elf Summoner began the quest for the Orb.
     0 | D:1      | Reached XP level 1. HP: 10/10 MP: 6/6
   721 | D:1      | Reached XP level 2. HP: 8/15 MP: 5/8
   963 | D:1      | Reached skill level 5 in Summonings
  1319 | D:2      | Learned a level 2 spell: Call Imp
  1764 | D:2      | Reached XP level 3. HP: 17/19 MP: 5/9
  1768 | D:2      | Learned a level 3 spell: Call Canine Familiar
  2209 | D:2      | Reached skill level 6 in Summonings
  2216 | D:2      | Slain by a quokka

Illustrated notes

Levels and vault maps discovered:
D:1:      dpeg_arrival_ternary, layout_rooms
D:2:      layout_basic, corner_web_ring

Skill      XL: |  1  2  3 |
---------------+----------+-----
Summonings     | 5 6 |  6.1
Dodging        | |  2.4
Stealth        | |  2.4
Spellcasting   | |  3.0

Action                   || total
-------------------------++-------
Melee: Short sword       ||    40
 Cast: Summon Small Mamm ||    31
       Call Imp          ||     6
       Call Canine Famil ||     2
  Use: Scroll            ||     5
 Stab: Sleeping          ||     2
Armor: Robe              ||     8
Dodge: Dodged            ||    32
